 Seeded DCSS version 0.29.0-7-g18a832c13a (webtiles) character file.

Game seed: 20220830 (custom seed)

112 jessy the Covered (level 5, -17/41 HPs)
             Began as a Human Fighter on Aug 30, 2022.
             Was a Priest of Nemelex Xobeh.
             Killed from afar by Ijyb (22 damage)
             ... with a bolt of light
             ... on level 4 of the Dungeon.
             The game lasted 00:15:20 (3675 turns).

jessy the Covered (Human Fighter)                   Turns: 3675, Time: 00:15:21

Health: -17/41     AC: 10    Str: 25    XL:     5   Next: 16%
Magic:  0/5        EV: 10    Int:  8    God:    Nemelex Xobeh [***...]
Gold:   145        SH:  4    Dex: 12    Spells: 4/4 levels left

rFire   . . .      SeeInvis +   a - +0 long sword
rCold   . . .      Faith    .   c - +0 buckler
rNeg    + . .      Spirit   +   b - +0 scale mail
rPois   .          Reflect  .   (no helmet)
rElec   .          Harm     .   (no cloak)
rCorr   .          Rampage  .   o - +2 pair of gloves
Will    .....                   (no boots)
Stlth   ..........              m - amulet of Resumed Hostilities {Spirit rN+}
HPRegen 0.13/turn               x - +6 ring of strength
MPRegen 0.09/turn               z - ring of see invisible

@: no status effects
A: no striking features
a: Renounce Religion, Draw Escape, Draw Destruction, Draw Summoning, Triple Draw


You were on level 4 of the Dungeon.
You worshipped Nemelex Xobeh.
Nemelex Xobeh was most pleased with you.
You visited 1 branch of the dungeon, and saw 4 of its levels.

You collected 145 gold pieces.

Inventory:

Hand Weapons
 a - a +0 long sword (weapon)
 h - a +0 club
 j - a +0 dagger
 t - a +0 flail
 u - a +0 short sword
 y - a +0 spear
 B - a +0 trident
 D - a +0 rapier
 E - a +0 quarterstaff
 F - a +0 mace
Missiles
 k - 6 poisoned darts (quivered)
 p - 19 stones
 C - 5 boomerangs
Armour
 b - a +0 scale mail (worn)
 c - a +0 buckler (worn)
 o - a +2 pair of gloves (worn)
 q - a +0 robe
 v - a +0 ring mail
Jewellery
 m - the amulet of Resumed Hostilities (around neck) {Spirit rN+}
   (You found it on level 2 of the Dungeon)

   [amulet of guardian spirit]

   It causes incoming damage to be divided between your reserves of health and
   magic.
   rN:        It protects you from negative energy.
 x - a +6 ring of strength (left hand)
 z - a ring of see invisible (right hand)
Scrolls
 e - a scroll of summoning {unknown}
 f - 2 scrolls of enchant armour {unknown}
 g - 2 scrolls of magic mapping {unknown}
 i - a scroll of noise {unknown}
 l - 4 scrolls of identify {unknown}
 n - 2 scrolls of fog {unknown}
 s - a scroll of poison {unknown}
 A - a scroll of brand weapon {unknown}
Potions
 d - a potion of might
 r - a potion of flight {unknown}
 w - a potion of cancellation {unknown}
 G - a potion of haste {unknown}


   Skills:
 + Level 3.6 Fighting
 + Level 3.0 Long Blades
 + Level 3.7 Armour
 + Level 1.0 Dodging
 + Level 0.2 Stealth
 + Level 3.4 Shields


You had 4 spell levels left.
You didn't know any spells.
Your spell library was empty.

Dungeon Overview and Level Annotations

Branches:
Dungeon (4/15)             Temple (0/1) D:4

Altars:
Nemelex Xobeh

Shops:
D:1 :=*

Annotations:
D:4 Ijyb


Message History

G - a purple potion An endoplasm comes into view.
The endoplasm quivers.
You hit the endoplasm but do no damage. The endoplasm closely misses you.
You hit the endoplasm.
The endoplasm is moderately wounded.
The endoplasm freezes you.
You are frozen.
You hit the endoplasm.
The endoplasm is heavily wounded.
The endoplasm misses you. The endoplasm freezes you.
You are frozen.
You hit the endoplasm.
You kill the endoplasm!
Found a dagger.
Ijyb the Twisted Goblin comes into view.
She is wielding a +1 dagger of speed, wearing a +0 leather armour of fire resistance and carrying a wand of light (9).
Ijyb shouts!
Ijyb zaps a wand.
The bolt of light hits you!
You see here a +0 dagger.
Ijyb screams, "I no like you!"
You barely miss Ijyb.
Ijyb hits you with a +1 dagger of speed. x2
You closely miss Ijyb. Ijyb barely misses you.
Ijyb hits you but does no damage.
You completely miss Ijyb. Ijyb hits you but does no damage.
Ijyb hits you with a +1 dagger of speed.
You barely miss Ijyb.
Ijyb zaps a wand.
The bolt of light hits you!
You are confused.
* * * LOW HITPOINT WARNING * * *
Ijyb hits you with a +1 dagger of speed.
* * * LOW HITPOINT WARNING * * *
Ijyb hits you with a +1 dagger of speed.
* * * LOW HITPOINT WARNING * * *
You feel less confused. Ijyb completely misses you.
Ijyb hits you but does no damage.
Ijyb zaps a wand.
The bolt of light hits you!!
Ouch! That really hurt!
You die...
Your body disappears without a glow.

#.. ##... ...
##.. ##... ..#
#...####.... ..#
##.....#.....
#..##
##............
##....
.....##......
##....# ##...#
#...###
##.....###...#
#...#
#.....@......#
#..##
.......g.)....#
#..#
.........####.##
#..# .......###
#..# #..# #
......#
##.###..###.
......
#..#...#...
......
##.......#
...... #.....###
... ##..###


You could see Ijyb.

Vanquished Creatures
  A hound (D:3)
  2 adders
  A worm (D:2)
  3 orcs
  6 endoplasms
  2 giant cockroaches
  7 goblins
  7 hobgoblins
  A kobold (D:1)
  4 quokkas
  6 ball pythons
  3 bats
  9 frilled lizards
  2 rats
54 creatures vanquished.

Notes
Turn   | Place    | Note
-------+----------+-------------------------------------------
     0 | D:1      | jessy the Human Fighter began the quest for the Orb.
     0 | D:1      | Reached XP level 1. HP: 18/18 MP: 1/1
   118 | D:1      | Found Xevvepiy's Book Boutique.
   131 | D:1      | Found a faded altar of an unknown god.
   132 | D:1      | Noticed a golden eye
   135 | D:1      | Noticed an eye of devastation
   135 | D:1      | Noticed a floating eye
   135 | D:1      | Noticed a golden eye
   141 | D:1      | Prayed at the altar of an unknown god.
   141 | D:1      | Became a worshipper of Nemelex Xobeh the Trickster
   141 | D:1      | Reached * piety under Nemelex Xobeh
   141 | D:1      | Received a gift from Nemelex Xobeh
   210 | D:1      | Reached XP level 2. HP: 23/24 MP: 2/2
   249 | D:1      | Found Voileda's Jewellery Emporium.
   477 | D:1      | Found Mirhois's Assorted Antiques.
   816 | D:2      | Reached XP level 3. HP: 8/29 MP: 3/3
  1211 | D:2      | Identified the amulet of Resumed Hostilities {Spirit rN+}
  1405 | D:2      | Received a gift from Nemelex Xobeh
  1407 | D:2      | Reached ** piety under Nemelex Xobeh
  2423 | D:3      | Reached XP level 4. HP: 34/36 MP: 2/4
  2730 | D:3      | Received a gift from Nemelex Xobeh
  2895 | D:3      | Reached XP level 5. HP: 20/41 MP: 1/5
  2959 | D:3      | Reached skill level 1 in Dodging
  3143 | D:3      | Received a gift from Nemelex Xobeh
  3544 | D:4      | Reached *** piety under Nemelex Xobeh
  3618 | D:4      | Received a gift from Nemelex Xobeh
  3629 | D:4      | Found a staircase to the Ecumenical Temple.
  3665 | D:4      | Noticed Ijyb
  3675 | D:4      | Killed from afar by Ijyb

Illustrated notes

Levels and vault maps discovered:
D:1:      beargit_arrival_greenhouse, layout_loops_cross, serial_shops,
          shop_fountains, shop, nicolae_shop_waterfront,
          hellmonk_ecumenical_altar_watching_god
D:2:      layout_basic, hex_intersection, minmay_misc_feat_nine_boxes
D:3:      layout_basic, st_stairs_7, kennysheep_boxes
D:4:      layout_layer_cave, temple_statues, nicolae_shop_i_like_big_books,
          uniq_crazy_yiuf_cottage, uniq_robin, uniq_ijyb

Skill      XL: |  1  2  3  4  5 |
---------------+----------------+-----
Dodging        | 1 |  1.0
Long Blades    | 3 |  3.0
Fighting       | |  3.6
Armour         | |  3.7
Stealth        | |  0.2
Shields        | |  3.4

Action                   |  1- 3 |  4- 6 || total
-------------------------+-------+-------++-------
Melee: Long sword        |    91 |    69 ||   160
Armor: Scale mail        |    61 |    58 ||   119
Dodge: Dodged            |    56 |    62 ||   118
Block: Buckler           |    28 |    30 ||    58
